 Dungeon Crawl Stone Soup version 0.28.0-53-g5a82cb258f (webtiles) character file.

Game seed: 11209848393214226138

2565 protoss039 the Fighter (level 9, -4/74 HPs)
             Began as a Demonspawn Earth Elementalist on June 1, 2022.
             Slain by a manticore (9 damage)
             ... on level 7 of the Dungeon.
             The game lasted 00:10:13 (7295 turns).

protoss039 the Fighter (DsEE)                       Turns: 7295, Time: 00:10:14

Health: -4/74      AC:  7    Str:  8    XL:     9   Next: 31%
Magic:  14/17      EV: 12    Int: 21    God:
Gold:   321        SH:  0    Dex: 20    Spells: 13/19 levels left

rFire   . . .      SeeInvis .   g - +2 dagger (venom)
rCold   . . .      Faith    .   (no shield)
rNeg    . . .      Spirit   .   b - +0 robe
rPois   .          Reflect  .   n - +0 helmet
rElec   .          Harm     .   j - +0 cloak
rCorr   .          Rampage  .   (no gloves)
Will    .....                   (no boots)
Stlth   ++........              (no amulet)
HPRegen 0.22/turn               f - ring of wizardry
MPRegen 0.15/turn               v - +6 ring of dexterity

@: mighty
A: molten scales 2, foul stench 1, spiny 1, demonic touch 2
a: no special abilities


You were on level 7 of the Dungeon.
You visited 1 branch of the dungeon, and saw 7 of its levels.
You also visited: Ossuary.

You collected 321 gold pieces.

Inventory:

Hand Weapons
 g - a +2 dagger of venom (weapon)
Missiles
 c - 145 stones
Armour
 b - a +0 robe (worn)
 j - a +0 cloak (worn)
 n - a +0 helmet (worn)
Jewellery
 f - a ring of wizardry (left hand)
 k - a ring of flight
 v - a +6 ring of dexterity (right hand)
Wands
 o - a wand of paralysis (16)
 p - a wand of flame (16)
 y - a wand of polymorph (7)
Scrolls
 d - a scroll of magic mapping {unknown}
 e - a scroll of identify
 h - 5 scrolls of teleportation
 i - a scroll of fear {unknown}
 q - 4 scrolls of summoning
 s - 2 scrolls of blinking
 u - 2 scrolls of torment
 C - a scroll of vulnerability {unknown}
 D - 2 scrolls of enchant armour {unknown}
 E - a scroll of fog {unknown}
 G - a scroll of immolation {unknown}
Potions
 a - a potion of mutation {unknown}
 l - a potion of lignification {unknown}
 m - a potion of curing {unknown}
 r - a potion of attraction {unknown}
 t - 2 potions of might
 w - a potion of degeneration {unknown}
 x - a potion of magic {unknown}
 z - a potion of flight {unknown}
 A - a potion of invisibility {unknown}
 B - a potion of cancellation {unknown}
 F - a potion of haste {unknown}


   Skills:
 * Level 8.2 Fighting
 - Level 3.0 Armour
 - Level 1.7 Dodging
 - Level 1.7 Stealth
 + Level 5.7 Spellcasting
 - Level 3.0 Conjurations
 - Level 1.0 Transmutations
 + Level 5.9 Earth Magic


You had 13 spell levels left.
You knew the following spells:

 Your Spells              Type           Power      Damage    Failure   Level
a - Sandblast             Erth           62%        2d14      1%          1
b - Passwall              Tmut/Erth      16%        N/A       1%          2
c - Stone Arrow           Conj/Erth      48%        3d10      1%          3

Your spell library contained the following spells:

 Spells                   Type           Power      Damage    Failure   Level
 Sting                    Tmut/Pois      32%        1d4       3%          1
 Slow                     Hex            24%        N/A       4%          1
 Poisonous Vapours        Pois/Air       12%        N/A       6%          2
 Sublimation of Blood     Necr           6%         N/A       6%          2
 Petrify                  Tmut/Erth      20%        N/A       10%         4
 Confusing Touch          Hex            6%         N/A       12%         3
 Vampiric Draining        Necr           6%         2d6       12%         3
 Olgreb's Toxic Radiance  Pois           6%         N/A       36%         4
 Irradiate                Conj/Tmut      7%         3d15      43%         5


Dungeon Overview and Level Annotations

Branches:
Dungeon (7/15)            Ossuary (visited)
 Temple: D:4-7

Altars:


Innate Abilities, Weirdness & Mutations

You are mostly covered in molten scales. (AC +3)
You may rarely emit foul miasma when damaged in melee.
You are partially covered in sharp spines.
Your touch may inflict irresistible damage on your foes.


Message History

The barbed spikes dig painfully into your body as you move.
The manticore closely misses you. The manticore barely misses you.
The manticore claws you but does no damage.
Unknown command.
You hit the manticore but do no damage.
The manticore is poisoned.
The manticore closely misses you. The manticore claws you. x2
Unknown command.
You hit the manticore.
The manticore looks as sick as possible!
The manticore is lightly wounded.
The manticore bites you! The manticore claws you.
The manticore barely misses you.
Unknown command.
You hit the manticore but do no damage.
The manticore looks as sick as possible!
You touch the manticore.
The manticore is lightly wounded.
You carefully extract the barbed spikes from your body.
The manticore bites you!!
* * * LOW HITPOINT WARNING * * *
The manticore claws you but does no damage.
The manticore claws you!
* * * LOW HITPOINT WARNING * * *
You are too injured to fight recklessly!
Casting: Stone Arrow (safe; 1% risk of failure)
Confirm with . or Enter, or press ? or * to list all spells.
Aiming: Stone Arrow (safe; 1% risk of failure)
Press: ? - help, Shift-Dir - straight line, f - manticore
Aim: a manticore (moderately wounded, extremely poisoned, 83% to hit)
The stone arrow hits the manticore!!
The manticore is severely wounded.
The manticore closely misses you. The manticore claws you!
* * * LOW HITPOINT WARNING * * *
The manticore closely misses you.
Unknown command.
Okay, then.
It was a potion of might.
You feel very mighty all of a sudden. The manticore is struck by your spines.
The manticore bites you!
You die...

####.. #...)#####
#.#.......
#######.#...#########
.......<.....)...>..#
##.#..#....###.####.#
#..#....# .#
#.H#.)..# .#
#..@..[.# .#
#...#.#.# .#
#.......# ##
#...#.#....
#........##
#.####<."# #. #####
#.


You could see a manticore (extremely poisoned).

Vanquished Creatures
  Pikel (D:6)
  Grinder (D:3)
  Prince Ribbit (D:6)
  A wraith (D:6)
  2 water moccasins (D:6)
  A sky beast (D:6)
  An ice beast (D:5)
  A necrophage (D:4)
  3 lemures (D:6)
  A phantom (D:5)
  2 scorpions (D:5)
  2 water moccasin zombies (Ossuary)
  A bullfrog zombie (D:5)
  2 centaur zombies (D:5)
  Crazy Yiuf (D:2)
  A bullfrog skeleton (D:5)
  A centaur skeleton (D:6)
  3 hounds
  A jelly (D:5)
  An orc priest (D:3)
  Jessica (D:3)
  A scorpion zombie (D:5)
  3 iguanas
  4 orc wizards (D:6)
  2 mummies (Ossuary)
  A howler monkey skeleton (D:6)
  7 gnolls
  3 adders
  An ufetubus (D:4)
  6 adder zombies (Ossuary)
  A worm (D:3)
  6 dart slugs
  16 orcs
  3 ball pythons
  5 endoplasms
  A giant cockroach (D:2)
  3 goblins
  5 hobgoblins
  6 kobolds
  4 quokkas
  5 bats
  2 frilled lizards
  3 gnoll zombies (Ossuary)
  5 hobgoblin zombies (Ossuary)
  6 kobold zombies (Ossuary)
  7 orc zombies (Ossuary)
  2 rats (D:2)
137 creatures vanquished.

Notes
Turn   | Place    | Note
-------+----------+-------------------------------------------
     0 | D:1      | protoss039 the Demonspawn Earth Elementalist began the
                  | quest for the Orb.
     0 | D:1      | Reached XP level 1. HP: 13/13 MP: 3/3
    42 | D:1      | Reached skill level 1 in Transmutations
   479 | D:1      | Gained mutation: You may rarely emit foul miasma when
                  | damaged in melee. [demonic ancestry]
   479 | D:1      | Reached XP level 2. HP: 14/20 MP: 3/5
   481 | D:1      | Reached skill level 1 in Fighting
  1137 | D:1      | Learned a level 2 spell: Passwall
  1454 | D:2      | Gained mutation: Your touch may inflict minor irresistible
                  | damage on your foes. [demonic ancestry]
  1454 | D:2      | Reached XP level 3. HP: 26/26 MP: 6/6
  1486 | D:2      | Found a runed translucent door.
  1487 | D:2      | Noticed Crazy Yiuf
  1612 | D:2      | Reached skill level 2 in Fighting
  1612 | D:2      | Reached skill level 1 in Armour
  1678 | D:2      | Gained mutation: You are partially covered in molten
                  | scales. (AC +2) [demonic ancestry]
  1678 | D:2      | Reached XP level 4. HP: 33/33 MP: 7/7
  1863 | D:2      | Killed Crazy Yiuf
  2069 | D:2      | Learned a level 3 spell: Stone Arrow
  2070 | D:3      | Noticed Jessica
  2222 | D:3      | Gained mutation: You are mostly covered in molten scales.
                  | (AC +3) [demonic ancestry]
  2222 | D:3      | Reached XP level 5. HP: 13/39 MP: 9/9
  2544 | D:3      | Killed Jessica
  2545 | D:3      | Reached skill level 1 in Conjurations
  2587 | D:3      | Noticed Grinder
  3138 | D:3      | Found a faded altar of an unknown god.
  3200 | D:4      | Reached skill level 3 in Fighting
  3399 | D:3      | Killed Grinder
  3400 | D:3      | Gained mutation: Your touch may inflict irresistible damage
                  | on your foes. [demonic ancestry]
  3400 | D:3      | Reached XP level 6. HP: 20/48 MP: 0/10
  4025 | D:4      | Reached skill level 4 in Fighting
  4025 | D:4      | Reached XP level 7. HP: 54/54 MP: 1/12
  4448 | D:5      | Entered Level 5 of the Dungeon
  4841 | D:5      | Reached skill level 5 in Fighting
  5282 | D:5      | Reached XP level 8. HP: 62/62 MP: 1/14
  5876 | D:6      | Reached skill level 6 in Fighting
  5953 | D:6      | Reached skill level 5 in Earth Magic
  6107 | D:6      | Noticed Pikel
  6159 | D:6      | Killed Pikel
  6160 | D:6      | Reached skill level 7 in Fighting
  6160 | D:6      | Reached skill level 5 in Spellcasting
  6160 | D:6      | Gained mutation: You are partially covered in sharp spines.
                  | [demonic ancestry]
  6160 | D:6      | Reached XP level 9. HP: 47/72 MP: 0/16
  6302 | D:6      | Noticed Prince Ribbit
  6313 | D:6      | Killed Prince Ribbit
  6320 | D:6      | Found a sand-covered staircase.
  6355 | Ossuary  | Entered an ossuary
  6841 | D:6      | Reached skill level 8 in Fighting
  7286 | D:7      | Noticed a manticore
  7295 | D:7      | Slain by a manticore

Illustrated notes

Levels and vault maps discovered:
D:1:      dpeg_arrival_boxes_within_box, layout_rooms
D:2:      layout_rooms, chequers_serial_rivers_room_b, uniq_crazy_yiuf_cottage
D:3:      layout_loops_ring, basic_ecumenical_altar, kennysheep_crisscross,
          uniq_grinder, uniq_jessica
D:4:      layout_basic, minmay_misc_feat_cross, kennysheep_generic_room_5
D:5:      layout_loops_cross
D:6:      layout_cave_pools, nicolae_ossuary_entry_plus, uniq_prince_ribbit1,
          uniq_pikel
D:7:      layout_basic, minmay_temple_entry_crystal_x, serial_glass,
          glass_columns_a, glass_columns_a, item_on_display_a,
          due_unseen_surprise, kennysheep_generic_room_11

Skill      XL: |  1  2  3  4  5  6  7  8  9 |
---------------+----------------------------+-----
Transmutations | 1 |  1.0
Fighting       | 1 2 3 4 5 7 8 |  8.2
Armour         | 1 2 3 |  3.0
Earth Magic    | 3 4 5 |  5.9
Conjurations   | 2 3 |  3.0
Spellcasting   | 3 4 5 |  5.7
Dodging        | |  1.7
Stealth        | |  1.7

Action                   |  1- 3 |  4- 6 |  7- 9 || total
-------------------------+-------+-------+-------++-------
Melee: Unarmed           |     4 |       |       ||     4
       Whip              |     2 |       |       ||     2
       Dagger            |    44 |   102 |   222 ||   368
       Punch             |     1 |       |     3 ||     4
       Touch             |     1 |    17 |    64 ||    82
 Cast: Sandblast         |    15 |     3 |     4 ||    22
       Stone Arrow       |       |     8 |    28 ||    36
  Use: Scroll            |       |       |     5 ||     5
       Potion            |       |       |     1 ||     1
 Stab: Sleeping          |     6 |     1 |     4 ||    11
       Distracted        |       |     1 |       ||     1
Armor: Robe              |    11 |    30 |    98 ||   139
Dodge: Dodged            |    33 |    86 |   154 ||   273
